 Dungeon Crawl Stone Soup version 0.30-a0-800-g7c544603b3 (webtiles) character file.

Game seed: 17748119011708612559

6026 bande the Cleaver (level 10, -1/61 HPs)
             Began as a Gargoyle Fighter on Feb 22, 2023.
             Was an Elder of Okawaru.
             Slain by a yak (8 damage)
             ... on level 10 of the Dungeon.
             The game lasted 00:13:37 (9790 turns).

bande the Cleaver (Gargoyle Fighter)                Turns: 9790, Time: 00:13:38

Health: -1/61      AC: 26    Str: 20    XL:     10   Next: 86%
Magic:  12/14      EV: 12    Int:  9    God:    Okawaru [****..]
Gold:   248        SH: 12    Dex: 13    Spells: 9/9 levels left

rFire   . . .      SeeInvis .    w - +0 broad axe (heavy)
rCold   . . .      Faith    .    u - +0 kite shield
rNeg    + . .      Spirit   .    f - +0 plate armour
rPois   ∞          Reflect  .    k - +0 helmet
rElec   +          Harm     .    y - +0 cloak
rCorr   +          Rampage  .    (no gloves)
Will    .....                    (no boots) Stlth
                                 (no amulet)
HPRegen 0.30/turn                r - ring of resist corrosion
MPRegen 0.14/turn                v - +5 ring of evasion

@: heroic
A: sickness immunity, AC +7, negative energy resistance 1, electricity
resistance, torment resistance 1, petrification resistance
a: Renounce Religion, Heroism, Finesse


You were on level 10 of the Dungeon.
You worshipped Okawaru.
Okawaru was greatly pleased with you.
You visited 2 branches of the dungeon, and saw 11 of its levels.

You collected 494 gold pieces.
You spent 246 gold pieces at shops.

Inventory:

Hand Weapons
 a - a +1 war axe
 w - a +0 heavy broad axe (weapon)
 z - a +0 flail of draining
Armour
 f - a +0 plate armour (worn)
 k - a +0 helmet (worn)
 u - a +0 kite shield (worn)
 y - a +0 cloak (worn)
Jewellery
 o - the ring "Wystrem" {rPois Str+2}
   (You found it on level 10 of the Dungeon)

   [ring of poison resistance]

   Str:       It affects your strength (+2).
   rPois:     It protects you from poison.
 q - a ring of fire
 r - a ring of resist corrosion (left hand)
 t - a ring of see invisible
 v - a +5 ring of evasion (right hand)
Wands
 m - a wand of roots (10)
 x - a wand of light (8)
Scrolls
 b - 3 scrolls of teleportation
 c - 4 scrolls of magic mapping
 i - 3 scrolls of identify
 j - 4 scrolls of fear
 l - a scroll of amnesia
 s - 2 scrolls of enchant weapon
Potions
 d - a potion of might
 e - 5 potions of haste
 g - 2 potions of curing
 h - 2 potions of invisibility
 n - 2 potions of flight
 p - a potion of mutation


   Skills:
 + Level 6.7(11.7) Fighting
 + Level 9.3(14.3) Axes
 + Level 8.4(13.4) Armour
 - Level 0.2(5.2) Stealth
 + Level 6.8(11.8) Shields
 * Level 5.8 Invocations
 * Level 3.9 Evocations


You had 9 spell levels left.
You didn't know any spells.
Your spell library contained the following spells:

 Spells                   Type           Power      Damage    Failure   Level
 Foxfire                  Conj/Fire      0%         2x1d4     100%        1
 Inner Flame              Hex/Fire       0%         N/A       100%        3
 Flame Wave               Conj/Fire      0%         2d4       100%        4
 Sticky Flame             Conj/Fire      0%         2d3       100%        4


Dungeon Overview and Level Annotations

Branches:
Dungeon (10/15)            Temple (1/1) D:6
   Lair: D:8-11         Orc: D:9-12

Altars:
Ashenzari
Cheibriados
Dithmenos
Elyvilon
Fedhas
Gozag
Hepliaklqana
Kikubaaqudgha
Makhleb
Nemelex Xobeh
Okawaru
Ru
Sif Muna
Trog
Uskayaw
Vehumet
Wu Jian
Xom
Yredelemnul
Zin

Shops:
D:3 (*!(   D:6 *(?   D:8 :   D:9 =

Annotations:
Temple 2 transporters


Innate Abilities, Weirdness & Mutations

You are immune to sickness and miasma.
Your stone body is resilient. (AC +7)
You are immune to poison.
You resist negative energy. (rN+)
You are resistant to electric shocks. (rElec)
You are resistant to unholy torment.
You are immune to petrification.


Message History

You are too injured to fight recklessly!
You are too injured to fight recklessly!
You are too injured to fight recklessly!
You are too injured to fight recklessly!
You are too injured to fight recklessly!
You are too injured to fight recklessly!
Unknown command.
You barely miss the yak.
The yak is heavily wounded.
You barely miss the yak. x2; You hit the yak.
You slice the yak!!
You kill the yak!
Okawaru accepts your kill.
You slash the yak! The yak gores you.
* * * LOW HITPOINT WARNING * * *
You block the yak's attack.
The yak gores you but does no damage. x2
The yak barely misses you.
Unknown command.
You slice the yak!!
You kill the yak!
Okawaru accepts your kill.
You slash the yak! You barely miss the yak. You closely miss the yak.
You hit the wraith. You hit the yak. The wraith hits you but does no damage.
You block the yak's attack. x3; The yak gores you but does no damage.
The yak closely misses you. The yak misses you. The wraith closely misses you.
The yak misses you. The yak gores you.
* * * LOW HITPOINT WARNING * * *
You gain the combat prowess of a mighty hero.
The wraith hits you but does no damage. The yak gores you but does no damage.
You block the yak's attack. The yak closely misses you.
You block the yak's attack.
You slash the yak!
You kill the yak!
Okawaru accepts your kill.
You slash the yak!
You kill the yak!
Okawaru accepts your kill.
You closely miss the wraith. You closely miss the yak. You hit the yak.
The wraith hits you but does no damage. You block the yak's attack.
The yak gores you!
You die...

#..
#.#...........#.#
.##..#
#...........#.#
.#...#.
#.........#####
....#..###......##.#
.................#.#
..............###.##
.....?.........####
......†.Y.[.##.#
......W@...#.###
[.....Y†.#...#
.........#####
.#.....##. #.#..# #.
.. #|. ## # ###


You could see 2 yaks and a wraith.

Vanquished Creatures
  2 trolls
  A wraith (D:9)
  A vampire (D:9)
  19 yaks
  An acid dragon (D:9)
  A water moccasin (D:9)
  3 orc warriors
  2 centaurs
  An ogre (D:5)
  2 bullfrogs
  A necrophage (D:4)
  A gnoll sergeant (D:7)
  4 scorpions (D:5)
  12 wights
  6 killer bees (D:9)
  Crazy Yiuf (D:6)
  2 orc priests (D:8)
  A gnoll bouda (D:5)
  A hound (D:5)
  2 jellies
  7 iguanas
  4 orc wizards
  Robin (D:3)
  9 gnolls
  8 adders
  A shadow imp (D:5)
  2 white imps
  An ufetubus (D:5)
  A worm (D:4)
  A dart slug (D:3)
  21 orcs
  7 bats
  6 endoplasms
  5 giant cockroaches (D:1)
  13 goblins
  6 hobgoblins
  3 jackals (D:2)
  3 kobolds
  4 quokkas
  7 ball pythons
  3 frilled lizards
  A rat (D:1)
178 creatures vanquished.

Vanquished Creatures (others)
  A fungus (D:1)
1 creature vanquished.

Grand Total: 179 creatures vanquished

Notes
Turn   | Place    | Note
-------+----------+-------------------------------------------
     0 | D:1      | bande the Gargoyle Fighter began the quest for the Orb.
     0 | D:1      | Reached XP level 1. HP: 14/14 MP: 1/1
    87 | D:1      | Reached XP level 2. HP: 19/19 MP: 2/2
   132 | D:1      | Reached skill level 2 in Axes
   225 | D:1      | Reached XP level 3. HP: 21/23 MP: 3/3
   241 | D:1      | Found a faded altar of an unknown god.
   251 | D:1      | Got Plato's Reference Book on the Volcano
  1081 | D:2      | Reached XP level 4. HP: 29/29 MP: 4/4
  1358 | D:3      | Noticed Robin
  1368 | D:3      | Killed Robin
  1369 | D:3      | Reached skill level 3 in Axes
  1608 | D:3      | Identified the +2 robe "Agar" {MP+9 Stlth+}
  1724 | D:3      | Found Xoadd's General Store.
  1752 | D:3      | Found Bousoqe's Distillery.
  1756 | D:3      | Bought a potion of heal wounds for 50 gold pieces
  1774 | D:3      | Found Xumath's Weapon Shop.
  1802 | D:3      | Reached XP level 5. HP: 32/33 MP: 5/5
  2005 | D:3      | Found Waplasih's Weapon Shop.
  2880 | D:4      | Reached skill level 4 in Axes
  2880 | D:4      | Reached XP level 6. HP: 35/38 MP: 6/6
  3069 | D:5      | Entered Level 5 of the Dungeon
  3307 | D:5      | Reached XP level 7. HP: 41/44 MP: 7/7
  3472 | D:5      | Reached skill level 5 in Armour
  3476 | D:5      | Reached skill level 5 in Axes
  4108 | D:5      | Reached skill level 6 in Axes
  4734 | D:6      | Reached XP level 8. HP: 23/48 MP: 8/8
  5131 | D:6      | Found Xeshruir's Magic Scroll Shoppe.
  5199 | D:6      | Found a staircase to the Ecumenical Temple.
  5220 | D:6      | Found Laadir's Assorted Antiques.
  5223 | D:6      | Found Duthraw's Antique Weapon Emporium.
  5243 | Temple   | Entered the Ecumenical Temple
  5243 | Temple   | Found a transporter.
  5243 | Temple   | Found a transporter.
  5245 | Temple   | Found a transporter.
  5245 | Temple   | Found a transporter.
  5261 | Temple   | Became a worshipper of Warmaster Okawaru
  5320 | D:6      | Bought a glowing broad axe for 196 gold pieces
  5338 | D:6      | Found a runed translucent door.
  5339 | D:6      | Noticed Crazy Yiuf
  5581 | D:6      | Reached skill level 5 in Fighting
  5655 | D:6      | Killed Crazy Yiuf
  5751 | D:7      | Identified the +0 long sword "Datimuh" {freeze, rC+ rCorr
                  | Dex+3}
  5924 | D:7      | Reached skill level 1 in Invocations
  6410 | D:7      | Reached skill level 7 in Axes
  6861 | D:7      | Reached * piety under Okawaru
  7131 | D:8      | Found Hotoaff's Book Emporium.
  7165 | D:8      | Reached XP level 9. HP: 21/54 MP: 11/11
  7173 | D:8      | Reached skill level 5 in Shields
  7452 | D:8      | Found a sacrificial altar of Ru.
  7587 | D:8      | Reached skill level 1 in Evocations
  7593 | D:8      | Reached ** piety under Okawaru
  7612 | D:8      | Reached skill level 8 in Axes
  8207 | D:8      | Found a bloodstained altar of Trog.
  8207 | D:8      | Found a radiant altar of Vehumet.
  8434 | D:9      | Reached XP level 10. HP: 41/60 MP: 13/13
  8537 | D:9      | Reached *** piety under Okawaru
  8666 | D:9      | HP: 3/60 [killer bee (3)]
  8938 | D:9      | Reached skill level 5 in Invocations
  9305 | D:9      | Found Jaxtaenoe's Jewellery Boutique.
  9364 | D:9      | Reached **** piety under Okawaru
  9369 | D:9      | Reached skill level 9 in Axes
  9707 | D:10     | Entered Level 10 of the Dungeon
  9725 | D:10     | Identified the ring "Wystrem" {rPois Str+2}
  9790 | D:10     | Slain by a yak

Illustrated notes

Levels and vault maps discovered:
D:1:      dpeg_arrival_rooms_b, layout_rooms,
          shapermc_ecumenical_altar_rom_forum, minmay_worlds_worst_comb
D:2:      layout_loops_cross
D:3:      layout_basic, serial_shops, nicolae_shop_crystal, shop, shop,
          shop_statue, uniq_robin
D:4:      layout_basic
D:5:      layout_layer_cave, st_stairs_14, kennysheep_another_room,
          nicolae_concentric_dashed_squares_mild
D:6:      layout_gridville, minmay_temple_entry_poolview, serial_shops,
          nicolae_lakefront_shop, nicolae_shop_crystal,
          nicolae_shop_overgrown_old_shop, uniq_crazy_yiuf_cottage
D:7:      layout_loops_ring, grunt_decor_clamped, minmay_statues_item,
          minivault_11
D:8:      layout_basic, gammafunk_temple_overflow_wave,
          mainiacjoe_overflow_boulevard, serial_shops, nicolae_square_shop
D:9:      layout_loops_cross, serial_shops, nicolae_shop_hallway_plus
D:10:     layout_big_octagon, david_lair_generic, serial_rivers,
          chequers_serial_rivers_micro_e, chequers_serial_rivers_room_b,
          chequers_serial_rivers_small_a, chequers_serial_rivers_micro_a,
          chequers_serial_rivers_micro_b, chequers_serial_rivers_large_a,
          hangedman_incinerator
Temple:   hellmonk_temple_divided_pantheon

Skill      XL: |  1  2  3  4  5  6  7  8  9 10 |
---------------+-------------------------------+-----
Axes           | 2 3 4 6 7 8 9 |  9.3
Armour         | 4 5 6 7 8 |  8.4
Fighting       | 4 5 6 |  6.7
Shields        | 4 5 6 |  6.8
Invocations    | 2 4 5 |  5.8
Evocations     | 2 3 |  3.9
Stealth        | |  0.2

Action                     |  1- 3 |  4- 6 |  7- 9 | 10-12 || total
---------------------------+-------+-------+-------+-------++-------
  Melee: War axe           |    84 |   140 |    78 |       ||   302
         Broad axe         |       |       |   171 |   102 ||   273
 Invoke: Heroism           |       |       |       |     1 ||     1
    Use: Scroll            |     6 |     7 |     6 |     1 ||    20
         Potion            |       |       |     4 |     3 ||     7
 Armour: Scale mail        |    39 |       |       |       ||    39
         Plate armour      |    19 |   102 |   291 |   157 ||   569
  Dodge: Dodged            |    47 |    46 |    64 |    79 ||   236
  Block: Buckler           |    20 |    35 |    11 |       ||    66
         Kite shield       |       |       |   134 |   125 ||   259

Table legend: (Time is in decaauts)
 A = Elapsed time spent in this place.
 B = Non-inter-level travel time spent in this place.
 C = Inter-level travel time spent in this place.
 D = Time resting spent in this place.
 E = Time spent auto-exploring this place.
 F = Levels seen in this place.
 G = Mean time per level.
                   A        B        C        D        E       F      G
               +--------+--------+--------+--------+--------+-----+--------+
         Total |  10164 |   9989 |    175 |   2046 |   6056 |  11 |  924.0 |
       Dungeon |  10121 |   9946 |    175 |   2046 |   6056 |  10 | 1012.1 |
        Temple |     42 |     42 |      0 |      0 |      0 |   1 |   42.0 |
               +--------+--------+--------+--------+--------+-----+--------+

Top non-repeatable levels by time:
     D:5: 1628 daAuts
     D:9: 1509 daAuts
     D:7: 1452 daAuts
     D:8: 1298 daAuts
     D:3: 1092 daAuts
     D:6: 998 daAuts
     D:2: 746 daAuts
     D:4: 659 daAuts
     D:1: 644 daAuts
    D:10: 91 daAuts
  Temple: 42 daAuts
